[gd_scene load_steps=116 format=3 uid="uid://cnjsw8uuw5wqy"]

[ext_resource type="Script" path="res://game/levels/world.gd" id="1_884uj"]
[ext_resource type="PackedScene" uid="uid://cge8wy3h2xiq2" path="res://game/levels/first_floor.tscn" id="1_n7hqk"]
[ext_resource type="PackedScene" uid="uid://c3iqqpk3nqchf" path="res://game/levels/ground_floor.tscn" id="2_whqvq"]
[ext_resource type="Resource" uid="uid://yu2gborlcmmm" path="res://dialogues/resources/pa_student/pa_student.dialogue" id="2_x5kxg"]
[ext_resource type="Resource" uid="uid://c2e54kopqlj41" path="res://dialogues/resources/rainman/rainman.dialogue" id="3_bacni"]
[ext_resource type="PackedScene" uid="uid://bdc7vbqd0wys" path="res://game/characters/player/player_with_camera.tscn" id="3_tii2k"]
[ext_resource type="Resource" uid="uid://7n3vvffc7x61" path="res://dialogues/resources/public_transport_inspector/public_transport_inspector.dialogue" id="4_yywdj"]
[ext_resource type="Resource" uid="uid://cob756w1asquw" path="res://dialogues/resources/eric_nigma/eric_nigma.dialogue" id="5_jdypr"]
[ext_resource type="Resource" uid="uid://i117u7sp6n6l" path="res://dialogues/resources/cpt_sampson/cpt_sampson.dialogue" id="6_kxc1d"]
[ext_resource type="Resource" uid="uid://3rmoviswnh0j" path="res://dialogues/resources/dane_softing/dane_softing.dialogue" id="7_o62l5"]
[ext_resource type="Resource" uid="uid://df7f6jibxthbi" path="res://dialogues/resources/sexy_vegetarian/sexy_dialogue.dialogue" id="8_6sjuj"]
[ext_resource type="PackedScene" uid="uid://r65cad2xalc6" path="res://game/characters/npcs/patients/individual_patients/nigma/nigma_v2.tscn" id="9_c75ka"]
[ext_resource type="Resource" uid="uid://cntphda86k6uo" path="res://dialogues/resources/monologue/monologue.dialogue" id="9_wvbyp"]
[ext_resource type="PackedScene" uid="uid://p5wjsafpd0o3" path="res://game/characters/npcs/guards/individual_guards/templates/guard_4.tscn" id="10_7sudh"]
[ext_resource type="PackedScene" uid="uid://bg76rawiparbt" path="res://game/characters/npcs/patients/individual_patients/sampson/sampson_v2.tscn" id="10_awkyg"]
[ext_resource type="PackedScene" uid="uid://b0tod7qfagi12" path="res://game/characters/npcs/patients/individual_patients/softing/softing_v2.tscn" id="11_tk58d"]
[ext_resource type="PackedScene" uid="uid://dnqqf010ky1ku" path="res://game/characters/npcs/guards/individual_guards/templates/guard_3.tscn" id="11_v4u1f"]
[ext_resource type="PackedScene" uid="uid://b1hivr6ofc3n3" path="res://game/characters/npcs/guards/individual_guards/templates/guard_2.tscn" id="12_cdlv6"]
[ext_resource type="PackedScene" uid="uid://clgk1gdodyow7" path="res://game/characters/npcs/guards/individual_guards/templates/guard_1.tscn" id="13_u7uat"]
[ext_resource type="PackedScene" uid="uid://bw1iqw1823tdi" path="res://game/levels/UI.tscn" id="15_0rks1"]
[ext_resource type="PackedScene" uid="uid://dvr1f7mym32ve" path="res://game/characters/npcs/patients/individual_patients/inspector/inspector_v2.tscn" id="15_5nkxe"]
[ext_resource type="PackedScene" uid="uid://k7t68bt1c6fh" path="res://game/characters/npcs/patients/individual_patients/sexy_vegetarian/sexy_vegetarian_v2.tscn" id="16_rvrni"]
[ext_resource type="PackedScene" uid="uid://b4o4s36medlln" path="res://game/characters/npcs/patients/individual_patients/pa_student/pa_student_v2.tscn" id="17_2qbej"]
[ext_resource type="PackedScene" uid="uid://bp4a811vphs7b" path="res://game/characters/npcs/guards/manager/guard_manager.tscn" id="17_b7pbu"]
[ext_resource type="PackedScene" uid="uid://bb8wd77eajmgt" path="res://game/prohibited_area/manager/prohibited_zone_manager.tscn" id="18_33b05"]
[ext_resource type="PackedScene" uid="uid://pvawk7breq6b" path="res://game/characters/npcs/patients/individual_patients/sunnyman/sunnyman_v2.tscn" id="18_gq0sy"]
[ext_resource type="Resource" uid="uid://dwp6drieh8aug" path="res://game/configurations/guards/guard_schedule.tres" id="18_xuojk"]
[ext_resource type="Resource" uid="uid://ck6ycphbodna2" path="res://game/configurations/prohibited_zones/prohibited_zone_config.tres" id="19_2g3ia"]
[ext_resource type="PackedScene" uid="uid://caitn2ut5ub54" path="res://game/characters/npcs/guards/guard_paths/factory/guard_duty_factory.tscn" id="20_2gdf7"]
[ext_resource type="PackedScene" uid="uid://bqqosoe3mr70w" path="res://game/characters/npcs/guards/guard_paths/factory/task_nodes/guard_goto_task_node.tscn" id="20_12bl7"]
[ext_resource type="PackedScene" uid="uid://d2lkgo8lcc015" path="res://game/characters/npcs/guards/guard_paths/factory/task_nodes/guard_stand_task_node.tscn" id="21_1ouwy"]
[ext_resource type="Script" path="res://game/characters/npcs/patients/activity_managers/sleep_activity_manager.gd" id="21_p2tkt"]
[ext_resource type="PackedScene" uid="uid://bevuvwyicawev" path="res://game/prohibited_area/zone/zone.tscn" id="22_68t8e"]
[ext_resource type="Script" path="res://game/characters/npcs/patients/manager/patient_manager.gd" id="22_kyf6h"]
[ext_resource type="Resource" uid="uid://ditvap2sbyuyd" path="res://game/configurations/patients/all_patient_schedule.tres" id="23_7pd5t"]
[ext_resource type="Script" path="res://game/characters/npcs/patients/activity_managers/use_activity_manager.gd" id="23_ydvp0"]
[ext_resource type="Script" path="res://game/characters/npcs/patients/activity_managers/eat_activity_manager.gd" id="26_th3t8"]
[ext_resource type="Script" path="res://game/characters/npcs/patients/activity_managers/pills_activity_manager.gd" id="30_1wg80"]
[ext_resource type="Script" path="res://game/levels/teleports/teleport_on_contact.gd" id="30_l6yrq"]
[ext_resource type="PackedScene" uid="uid://hgcpcqk5nk45" path="res://dialogues/controller/dialogue_controller.tscn" id="32_0qcnv"]
[ext_resource type="Script" path="res://game/characters/npcs/patients/activity_managers/brush_teeth_activity_manager.gd" id="33_s0tv1"]
[ext_resource type="Script" path="res://game/characters/npcs/patients/activity_managers/stand_with_animation_manager.gd" id="34_bdpdp"]
[ext_resource type="PackedScene" uid="uid://cax6ltpf3odt8" path="res://game/characters/player/caught_handler/player_caught_handler.tscn" id="42_t68bm"]
[ext_resource type="PackedScene" uid="uid://b3c3nl2jfvnh0" path="res://game/levels/outside.tscn" id="43_yy841"]
[ext_resource type="Script" path="res://game/quests/minigame_handler.gd" id="44_ado3s"]
[ext_resource type="PackedScene" uid="uid://6ew3bp1ngx2" path="res://game/levels/minigames/lockpick.tscn" id="45_s5ver"]
[ext_resource type="PackedScene" uid="uid://b6d5wnk61qrjl" path="res://game/levels/minigames/breakerbox.tscn" id="45_thjjq"]
[ext_resource type="PackedScene" uid="uid://bd3j0c2tqfov2" path="res://game/items/static/broom.tscn" id="45_wjstl"]
[ext_resource type="PackedScene" uid="uid://begj1ooh0nrkr" path="res://game/levels/minigames/fence.tscn" id="46_mt6uq"]
[ext_resource type="PackedScene" uid="uid://cqr8c6lxa2tnu" path="res://game/levels/minigames/hexcode.tscn" id="48_rbw3e"]
[ext_resource type="PackedScene" uid="uid://cvs1vq6co7ply" path="res://game/levels/popup.tscn" id="49_iajsr"]
[ext_resource type="PackedScene" uid="uid://dyhhu3dbmdmsv" path="res://game/levels/Endgame.tscn" id="49_m2rhe"]
[ext_resource type="PackedScene" uid="uid://ce6ylud6wdshf" path="res://game/actionable/sleep/sleep_ui.tscn" id="50_s5edw"]
[ext_resource type="PackedScene" uid="uid://mvvvsusio75y" path="res://game/characters/npcs/new_guards/sprites/newGuard1.tscn" id="51_6vfso"]
[ext_resource type="PackedScene" uid="uid://sxe4xf7ry0ke" path="res://game/characters/npcs/new_guards/NewGuard_base.tscn" id="51_o7yfc"]
[ext_resource type="PackedScene" uid="uid://chte7rpganm81" path="res://game/characters/npcs/new_guards/BaseNewGuardSchedule.tscn" id="52_rrqof"]
[ext_resource type="PackedScene" uid="uid://blhbsxb7qb7id" path="res://game/characters/npcs/new_guards/guard_activities/NewGuardGoToActivity.tscn" id="53_4hrnp"]
[ext_resource type="PackedScene" uid="uid://bvxamugusustj" path="res://game/characters/npcs/new_guards/guard_activities/NewGuardStandTask.tscn" id="54_bbiox"]
[ext_resource type="PackedScene" uid="uid://bg0sdg2bq1nol" path="res://game/actionable/sleep/sleep_actionable.tscn" id="57_w3yfh"]

[sub_resource type="RectangleShape2D" id="RectangleShape2D_wx0x0"]
size = Vector2(820, 651)

[sub_resource type="RectangleShape2D" id="RectangleShape2D_dpkqe"]
size = Vector2(480, 701)

[sub_resource type="RectangleShape2D" id="RectangleShape2D_40ss2"]
size = Vector2(664, 699)

[sub_resource type="RectangleShape2D" id="RectangleShape2D_jjd22"]
size = Vector2(1147, 695)

[sub_resource type="RectangleShape2D" id="RectangleShape2D_unega"]
size = Vector2(686.5, 689)

[sub_resource type="RectangleShape2D" id="RectangleShape2D_1j36h"]
size = Vector2(943, 972.125)

[sub_resource type="RectangleShape2D" id="RectangleShape2D_i0tt3"]
size = Vector2(935, 902.125)

[sub_resource type="RectangleShape2D" id="RectangleShape2D_ni3pq"]
size = Vector2(3009, 2033)

[sub_resource type="RectangleShape2D" id="RectangleShape2D_kmt5l"]
size = Vector2(824, 725)

[sub_resource type="RectangleShape2D" id="RectangleShape2D_7cd22"]
size = Vector2(949, 732)

[sub_resource type="RectangleShape2D" id="RectangleShape2D_twp8t"]
size = Vector2(276, 721)

[sub_resource type="RectangleShape2D" id="RectangleShape2D_fwf08"]
size = Vector2(1290.63, 712)

[sub_resource type="RectangleShape2D" id="RectangleShape2D_2a2wy"]
size = Vector2(368, 257.063)

[sub_resource type="RectangleShape2D" id="RectangleShape2D_7d5w2"]
size = Vector2(312, 711)

[sub_resource type="RectangleShape2D" id="RectangleShape2D_kfyxk"]
size = Vector2(385, 337)

[sub_resource type="RectangleShape2D" id="RectangleShape2D_l178b"]
size = Vector2(516, 712.031)

[sub_resource type="RectangleShape2D" id="RectangleShape2D_h34rw"]
size = Vector2(814, 712)

[sub_resource type="RectangleShape2D" id="RectangleShape2D_e0e2r"]
size = Vector2(1100, 710)

[sub_resource type="RectangleShape2D" id="RectangleShape2D_j8ldy"]
size = Vector2(823, 602)

[sub_resource type="RectangleShape2D" id="RectangleShape2D_46ujw"]
size = Vector2(824, 543)

[sub_resource type="RectangleShape2D" id="RectangleShape2D_outbg"]
size = Vector2(1302, 662)

[sub_resource type="RectangleShape2D" id="RectangleShape2D_suiv5"]
size = Vector2(820, 633.879)

[sub_resource type="RectangleShape2D" id="RectangleShape2D_m2aea"]
size = Vector2(792, 636.939)

[sub_resource type="RectangleShape2D" id="RectangleShape2D_ag53o"]
size = Vector2(907, 634.939)

[sub_resource type="RectangleShape2D" id="RectangleShape2D_wil5a"]
size = Vector2(939, 748)

[sub_resource type="RectangleShape2D" id="RectangleShape2D_n81vp"]
size = Vector2(950, 1156)

[sub_resource type="RectangleShape2D" id="RectangleShape2D_qjrv6"]
size = Vector2(2999, 2050)

[sub_resource type="RectangleShape2D" id="RectangleShape2D_xj5bo"]
size = Vector2(825, 717)

[sub_resource type="RectangleShape2D" id="RectangleShape2D_8t7sf"]
size = Vector2(952, 717)

[sub_resource type="RectangleShape2D" id="RectangleShape2D_b7hb5"]
size = Vector2(1285, 714)

[sub_resource type="RectangleShape2D" id="RectangleShape2D_056p5"]
size = Vector2(380.5, 289)

[sub_resource type="RectangleShape2D" id="RectangleShape2D_68cbp"]
size = Vector2(369, 321)

[sub_resource type="RectangleShape2D" id="RectangleShape2D_ysb5d"]
size = Vector2(316, 721)

[sub_resource type="RectangleShape2D" id="RectangleShape2D_6duah"]
size = Vector2(1641, 717)

[sub_resource type="RectangleShape2D" id="RectangleShape2D_cs8dw"]
size = Vector2(1114, 723)

[sub_resource type="RectangleShape2D" id="RectangleShape2D_err6s"]
size = Vector2(815, 827)

[sub_resource type="RectangleShape2D" id="RectangleShape2D_bjgx4"]
size = Vector2(3350, 1009.5)

[sub_resource type="RectangleShape2D" id="RectangleShape2D_i3sg2"]
size = Vector2(827, 313)

[sub_resource type="RectangleShape2D" id="RectangleShape2D_txav3"]
size = Vector2(159, 572)

[sub_resource type="RectangleShape2D" id="RectangleShape2D_ksqn7"]
size = Vector2(205.5, 591)

[sub_resource type="RectangleShape2D" id="RectangleShape2D_shysy"]
size = Vector2(185.5, 583)

[sub_resource type="RectangleShape2D" id="RectangleShape2D_u5gm5"]
size = Vector2(205.5, 590.5)

[sub_resource type="RectangleShape2D" id="RectangleShape2D_rq51c"]
size = Vector2(228, 598)

[sub_resource type="RectangleShape2D" id="RectangleShape2D_pln0x"]
size = Vector2(226.75, 579)

[sub_resource type="RectangleShape2D" id="RectangleShape2D_x81cl"]
size = Vector2(371, 81)

[sub_resource type="RectangleShape2D" id="RectangleShape2D_msxrm"]
size = Vector2(372.188, 75)

[sub_resource type="RectangleShape2D" id="RectangleShape2D_r3rnb"]
size = Vector2(123, 22)

[sub_resource type="Animation" id="Animation_sh4nt"]
tracks/0/type = "value"
tracks/0/imported = false
tracks/0/enabled = true
tracks/0/path = NodePath("NewGuardBase/NewGuard1:animation")
tracks/0/interp = 1
tracks/0/loop_wrap = true
tracks/0/keys = {
"times": PackedFloat32Array(0),
"transitions": PackedFloat32Array(1),
"update": 1,
"values": [&"idle_back"]
}

[sub_resource type="Animation" id="Animation_161s5"]
resource_name = "idle_front"
tracks/0/type = "value"
tracks/0/imported = false
tracks/0/enabled = true
tracks/0/path = NodePath("NewGuardBase/NewGuard1:animation")
tracks/0/interp = 1
tracks/0/loop_wrap = true
tracks/0/keys = {
"times": PackedFloat32Array(0),
"transitions": PackedFloat32Array(1),
"update": 1,
"values": [&"idle_front"]
}

[sub_resource type="Animation" id="Animation_fpk1a"]
tracks/0/type = "value"
tracks/0/imported = false
tracks/0/enabled = true
tracks/0/path = NodePath("NewGuardBase/NewGuard1:animation")
tracks/0/interp = 1
tracks/0/loop_wrap = true
tracks/0/keys = {
"times": PackedFloat32Array(0),
"transitions": PackedFloat32Array(1),
"update": 1,
"values": [&"idle_left"]
}

[sub_resource type="Animation" id="Animation_bcg5p"]
tracks/0/type = "value"
tracks/0/imported = false
tracks/0/enabled = true
tracks/0/path = NodePath("NewGuardBase/NewGuard1:animation")
tracks/0/interp = 1
tracks/0/loop_wrap = true
tracks/0/keys = {
"times": PackedFloat32Array(0),
"transitions": PackedFloat32Array(1),
"update": 1,
"values": [&"idle_right"]
}

[sub_resource type="Animation" id="Animation_6p38e"]
tracks/0/type = "value"
tracks/0/imported = false
tracks/0/enabled = true
tracks/0/path = NodePath("NewGuardBase/NewGuard1:animation")
tracks/0/interp = 1
tracks/0/loop_wrap = true
tracks/0/keys = {
"times": PackedFloat32Array(0),
"transitions": PackedFloat32Array(1),
"update": 1,
"values": [&"run_back"]
}

[sub_resource type="Animation" id="Animation_tuh5c"]
tracks/0/type = "value"
tracks/0/imported = false
tracks/0/enabled = true
tracks/0/path = NodePath("NewGuardBase/NewGuard1:animation")
tracks/0/interp = 1
tracks/0/loop_wrap = true
tracks/0/keys = {
"times": PackedFloat32Array(0),
"transitions": PackedFloat32Array(1),
"update": 1,
"values": [&"run_front"]
}

[sub_resource type="Animation" id="Animation_608el"]
tracks/0/type = "value"
tracks/0/imported = false
tracks/0/enabled = true
tracks/0/path = NodePath("NewGuardBase/NewGuard1:animation")
tracks/0/interp = 1
tracks/0/loop_wrap = true
tracks/0/keys = {
"times": PackedFloat32Array(0),
"transitions": PackedFloat32Array(1),
"update": 1,
"values": [&"run_left"]
}

[sub_resource type="Animation" id="Animation_4djmj"]
tracks/0/type = "value"
tracks/0/imported = false
tracks/0/enabled = true
tracks/0/path = NodePath("NewGuardBase/NewGuard1:animation")
tracks/0/interp = 1
tracks/0/loop_wrap = true
tracks/0/keys = {
"times": PackedFloat32Array(0),
"transitions": PackedFloat32Array(1),
"update": 1,
"values": [&"run_right"]
}

[sub_resource type="AnimationLibrary" id="AnimationLibrary_iuk4d"]
_data = {
"idle_back": SubResource("Animation_sh4nt"),
"idle_front": SubResource("Animation_161s5"),
"idle_left": SubResource("Animation_fpk1a"),
"idle_right": SubResource("Animation_bcg5p"),
"run_back": SubResource("Animation_6p38e"),
"run_front": SubResource("Animation_tuh5c"),
"run_left": SubResource("Animation_608el"),
"run_right": SubResource("Animation_4djmj")
}

[node name="World" type="Node2D" node_paths=PackedStringArray("guard_manager", "guard_path_holder", "zone_manager", "zone_holder", "patient_manager", "patient_activity_manager_holder", "dialogue_controller")]
y_sort_enabled = true
script = ExtResource("1_884uj")
guard_manager = NodePath("Managers/Guards/GuardManager")
guard_path_holder = NodePath("Managers/Guards/GuardPaths")
zone_manager = NodePath("Managers/Zones/ProhibitedZoneManager")
zone_holder = NodePath("Managers/Zones/Zones")
patient_manager = NodePath("Managers/Patients/PatientManager")
patient_activity_manager_holder = NodePath("Managers/Patients/ActivityManagers")
dialogue_controller = NodePath("DialogueController")
pa_student_dialogue_resource = ExtResource("2_x5kxg")
rainman_dialogue_resource = ExtResource("3_bacni")
inspector_dialogue_resource = ExtResource("4_yywdj")
nigma_dialogue_resource = ExtResource("5_jdypr")
sampson_dialogue_resource = ExtResource("6_kxc1d")
softing_dialogue_resource = ExtResource("7_o62l5")
sexy_vegetarian_dialogue_resource = ExtResource("8_6sjuj")
monologue_dialogue_resource = ExtResource("9_wvbyp")

[node name="FirstFloor" parent="." instance=ExtResource("1_n7hqk")]
y_sort_enabled = true
position = Vector2(10000, 0)

[node name="Sprite2D" parent="FirstFloor" index="1"]
z_index = -1

[node name="WorldBoundaries" parent="FirstFloor/Collisions" index="0"]
position = Vector2(10000, 0)

[node name="Archive" parent="FirstFloor/Collisions" index="1"]
position = Vector2(10000, 0)

[node name="JanitorRoom" parent="FirstFloor/Collisions" index="2"]
position = Vector2(10000, 0)

[node name="Elevator" parent="FirstFloor/Collisions" index="3"]
position = Vector2(10000, 0)

[node name="Reception" parent="FirstFloor/Collisions" index="4"]
position = Vector2(10000, 0)

[node name="DirectorOffice" parent="FirstFloor/Collisions" index="5"]
position = Vector2(10000, 0)

[node name="EmployeeOffice" parent="FirstFloor/Collisions" index="6"]
position = Vector2(10000, 0)

[node name="EmployeeBreakRoom" parent="FirstFloor/Collisions" index="7"]
position = Vector2(10000, 0)

[node name="CleaningRoom" parent="FirstFloor/Collisions" index="8"]
position = Vector2(10000, 0)

[node name="WestStairs" parent="FirstFloor/Collisions" index="9"]
position = Vector2(10000, 0)

[node name="StorageRoom" parent="FirstFloor/Collisions" index="10"]
position = Vector2(10000, 0)

[node name="Freezer" parent="FirstFloor/Collisions" index="11"]
position = Vector2(10000, 0)

[node name="Kitchen" parent="FirstFloor/Collisions" index="12"]
position = Vector2(10000, 0)

[node name="Canteen" parent="FirstFloor/Collisions" index="13"]
position = Vector2(10000, 0)

[node name="WC" parent="FirstFloor/Collisions" index="14"]
position = Vector2(10000, 0)

[node name="SecuritySleepingRoom" parent="FirstFloor/Collisions" index="15"]
position = Vector2(10000, 0)

[node name="Workshop" parent="FirstFloor/Collisions" index="16"]
position = Vector2(10000, 0)

[node name="EastStairs" parent="FirstFloor/Collisions" index="17"]
position = Vector2(10000, 0)

[node name="EastInnerBlock" parent="FirstFloor/Collisions" index="18"]
position = Vector2(10000, 0)

[node name="WestInnerBlock" parent="FirstFloor/Collisions" index="19"]
position = Vector2(10000, 0)

[node name="CentralStairs" parent="FirstFloor/Collisions" index="20"]
position = Vector2(10000, 0)

[node name="stairs" parent="FirstFloor/Stairs" index="0"]
position = Vector2(10000, 0)

[node name="Producent" parent="FirstFloor/DrawObjects/Producent/Doctor_Producer" index="0" node_paths=PackedStringArray("zonemng")]
zonemng = NodePath("../../../../../Managers/Zones/ProhibitedZoneManager")

[node name="GroundFloor" parent="." instance=ExtResource("2_whqvq")]
y_sort_enabled = true

[node name="Sprite2D" parent="GroundFloor" index="0"]
z_index = -1

[node name="PoisonableHam" parent="GroundFloor/DrawObjects/Producent" index="0"]
position = Vector2(0, 2000)

[node name="PoisonableHamburger" parent="GroundFloor/DrawObjects/Producent" index="1"]
position = Vector2(0, 2000)

[node name="Producent" parent="GroundFloor/DrawObjects/Producent/Chef" index="0" node_paths=PackedStringArray("zonemng")]
workstation_time = 2.0
zonemng = NodePath("../../../../../Managers/Zones/ProhibitedZoneManager")
movement_speed = 300

[node name="Janitor" parent="GroundFloor/DrawObjects/Janitor" index="0" node_paths=PackedStringArray("zonemng")]
zonemng = NodePath("../../../../Managers/Zones/ProhibitedZoneManager")

[node name="Key" parent="GroundFloor/DrawObjects/Items" index="0"]
visible = false

[node name="Key2" parent="GroundFloor/DrawObjects/Items" index="1"]
visible = false

[node name="Key3" parent="GroundFloor/DrawObjects/Items" index="2"]
visible = false

[node name="Outside" parent="." instance=ExtResource("43_yy841")]
y_sort_enabled = true
position = Vector2(-10000, 0)

[node name="CollisionShape2D" parent="Outside/Colliders/CollisionArea" index="0"]
position = Vector2(-10271, -69)

[node name="CollisionShape2D2" parent="Outside/Colliders/CollisionArea" index="1"]
position = Vector2(-8995, -274)

[node name="CollisionShape2D11" parent="Outside/Colliders/CollisionArea" index="2"]
position = Vector2(-11435, -274)

[node name="CollisionShape2D12" parent="Outside/Colliders/CollisionArea" index="3"]
position = Vector2(-11820.5, 217)

[node name="CollisionShape2D13" parent="Outside/Colliders/CollisionArea" index="4"]
position = Vector2(-11905, 297)

[node name="CollisionShape2D3" parent="Outside/Colliders/CollisionArea" index="5"]
position = Vector2(-10215, 907)

[node name="CollisionShape2D4" parent="Outside/Colliders/CollisionArea" index="6"]
position = Vector2(-9500.5, 552)

[node name="CollisionShape2D5" parent="Outside/Colliders/CollisionArea" index="7"]
position = Vector2(-9499.5, 787)

[node name="CollisionShape2D6" parent="Outside/Colliders/CollisionArea" index="8"]
position = Vector2(-9273.5, 642)

[node name="CollisionShape2D9" parent="Outside/Colliders/CollisionArea" index="9"]
position = Vector2(-8520, 297)

[node name="CollisionShape2D10" parent="Outside/Colliders/CollisionArea" index="10"]
position = Vector2(-11910, 306)

[node name="CollisionShape2D7" parent="Outside/Colliders/CollisionArea" index="11"]
position = Vector2(-9725, 766.5)

[node name="CollisionShape2D8" parent="Outside/Colliders/CollisionArea" index="12"]
position = Vector2(-9725, 572)

[node name="DoorCollider" parent="Outside/Colliders/CollisionArea" index="13"]
position = Vector2(-9725, 697)

[node name="NavigationRegion2D" parent="Outside" index="3"]
visible = true

[node name="PlayerCamera" parent="." groups=["player"] instance=ExtResource("3_tii2k")]
position = Vector2(8557, -1266)

[node name="NPCs" type="Node" parent="."]

[node name="Guards" type="Node2D" parent="NPCs"]
y_sort_enabled = true

[node name="Drymore" parent="NPCs/Guards" instance=ExtResource("10_7sudh")]
position = Vector2(-103, 106)

[node name="Swanwick" parent="NPCs/Guards" instance=ExtResource("11_v4u1f")]
position = Vector2(-175, -219)
id = 1

[node name="Cunningham" parent="NPCs/Guards" instance=ExtResource("12_cdlv6")]
position = Vector2(-100, 368)
id = 2

[node name="Harrington" parent="NPCs/Guards" instance=ExtResource("13_u7uat")]
position = Vector2(-278, 160)
id = 3

[node name="Patients" type="Node2D" parent="NPCs"]
y_sort_enabled = true

[node name="Nigma" parent="NPCs/Patients" instance=ExtResource("9_c75ka")]
position = Vector2(8569, -992)

[node name="Sampson" parent="NPCs/Patients" instance=ExtResource("10_awkyg")]
position = Vector2(9636, 1459)

[node name="Softing" parent="NPCs/Patients" instance=ExtResource("11_tk58d")]
position = Vector2(9989, 1376)

[node name="Inspector" parent="NPCs/Patients" instance=ExtResource("15_5nkxe")]
position = Vector2(9199, 1398)

[node name="SexyVegetarian" parent="NPCs/Patients" instance=ExtResource("16_rvrni")]
position = Vector2(9404, 1401)

[node name="Sunnyman" parent="NPCs/Patients" instance=ExtResource("18_gq0sy")]
position = Vector2(10176, 1450)

[node name="PaStudent" parent="NPCs/Patients" instance=ExtResource("17_2qbej")]
position = Vector2(9763, 1453)

[node name="UI" parent="." instance=ExtResource("15_0rks1")]

[node name="Managers" type="Node" parent="."]

[node name="Guards" type="Node" parent="Managers"]

[node name="GuardPaths" type="Node" parent="Managers/Guards"]

[node name="FfHall" parent="Managers/Guards/GuardPaths" instance=ExtResource("20_2gdf7")]
position = Vector2(9999, 0)
duty_id = 9

[node name="TopLeftGoto" parent="Managers/Guards/GuardPaths/FfHall" instance=ExtResource("20_12bl7")]
position = Vector2(-1432, -784)

[node name="LookUp" parent="Managers/Guards/GuardPaths/FfHall" instance=ExtResource("21_1ouwy")]
direction = 2
duration = 1

[node name="LookLeft" parent="Managers/Guards/GuardPaths/FfHall" instance=ExtResource("21_1ouwy")]
duration = 1

[node name="LookDown" parent="Managers/Guards/GuardPaths/FfHall" instance=ExtResource("21_1ouwy")]
direction = 3
duration = 1

[node name="BottomLeftGoto" parent="Managers/Guards/GuardPaths/FfHall" instance=ExtResource("20_12bl7")]
position = Vector2(-1424, 786)

[node name="LookDown2" parent="Managers/Guards/GuardPaths/FfHall" instance=ExtResource("21_1ouwy")]
direction = 3
duration = 1

[node name="LookRight" parent="Managers/Guards/GuardPaths/FfHall" instance=ExtResource("21_1ouwy")]
direction = 1
duration = 1

[node name="BottomRightGoto" parent="Managers/Guards/GuardPaths/FfHall" instance=ExtResource("20_12bl7")]
position = Vector2(1262, 801)

[node name="LookDown3" parent="Managers/Guards/GuardPaths/FfHall" instance=ExtResource("21_1ouwy")]
direction = 3
duration = 1

[node name="LookRight2" parent="Managers/Guards/GuardPaths/FfHall" instance=ExtResource("21_1ouwy")]
direction = 1
duration = 1

[node name="LookUp2" parent="Managers/Guards/GuardPaths/FfHall" instance=ExtResource("21_1ouwy")]
direction = 2
duration = 1

[node name="TopRightGoto" parent="Managers/Guards/GuardPaths/FfHall" instance=ExtResource("20_12bl7")]
position = Vector2(1281, -802)

[node name="LookUp3" parent="Managers/Guards/GuardPaths/FfHall" instance=ExtResource("21_1ouwy")]
direction = 2
duration = 1

[node name="LookLeft2" parent="Managers/Guards/GuardPaths/FfHall" instance=ExtResource("21_1ouwy")]
duration = 1

[node name="FfHall2" parent="Managers/Guards/GuardPaths" instance=ExtResource("20_2gdf7")]
position = Vector2(8, 9)
duty_id = 10

[node name="TopLeftGoto" parent="Managers/Guards/GuardPaths/FfHall2" instance=ExtResource("20_12bl7")]
position = Vector2(-1432, -784)

[node name="LookUp" parent="Managers/Guards/GuardPaths/FfHall2" instance=ExtResource("21_1ouwy")]
direction = 2
duration = 1

[node name="LookLeft" parent="Managers/Guards/GuardPaths/FfHall2" instance=ExtResource("21_1ouwy")]
duration = 1

[node name="LookDown" parent="Managers/Guards/GuardPaths/FfHall2" instance=ExtResource("21_1ouwy")]
direction = 3
duration = 1

[node name="BottomLeftGoto" parent="Managers/Guards/GuardPaths/FfHall2" instance=ExtResource("20_12bl7")]
position = Vector2(-1424, 786)

[node name="LookDown2" parent="Managers/Guards/GuardPaths/FfHall2" instance=ExtResource("21_1ouwy")]
direction = 3
duration = 1

[node name="LookRight" parent="Managers/Guards/GuardPaths/FfHall2" instance=ExtResource("21_1ouwy")]
direction = 1
duration = 1

[node name="BottomRightGoto" parent="Managers/Guards/GuardPaths/FfHall2" instance=ExtResource("20_12bl7")]
position = Vector2(1262, 801)

[node name="LookDown3" parent="Managers/Guards/GuardPaths/FfHall2" instance=ExtResource("21_1ouwy")]
direction = 3
duration = 1

[node name="LookRight2" parent="Managers/Guards/GuardPaths/FfHall2" instance=ExtResource("21_1ouwy")]
direction = 1
duration = 1

[node name="LookUp2" parent="Managers/Guards/GuardPaths/FfHall2" instance=ExtResource("21_1ouwy")]
direction = 2
duration = 1

[node name="TopRightGoto" parent="Managers/Guards/GuardPaths/FfHall2" instance=ExtResource("20_12bl7")]
position = Vector2(1281, -802)

[node name="LookUp3" parent="Managers/Guards/GuardPaths/FfHall2" instance=ExtResource("21_1ouwy")]
direction = 2
duration = 1

[node name="LookLeft2" parent="Managers/Guards/GuardPaths/FfHall2" instance=ExtResource("21_1ouwy")]
duration = 1

[node name="CommonRoomInside" parent="Managers/Guards/GuardPaths" instance=ExtResource("20_2gdf7")]
position = Vector2(12151, -813)
duty_id = 11

[node name="TopLeftGoto" parent="Managers/Guards/GuardPaths/CommonRoomInside" instance=ExtResource("20_12bl7")]

[node name="LookLeft" parent="Managers/Guards/GuardPaths/CommonRoomInside" instance=ExtResource("21_1ouwy")]
duration = 3

[node name="LookDown" parent="Managers/Guards/GuardPaths/CommonRoomInside" instance=ExtResource("21_1ouwy")]
direction = 3
duration = 10

[node name="CommonRoomOutside" parent="Managers/Guards/GuardPaths" instance=ExtResource("20_2gdf7")]
duty_id = 12

[node name="TopLeftGoto" parent="Managers/Guards/GuardPaths/CommonRoomOutside" instance=ExtResource("20_12bl7")]
position = Vector2(11403, -508)

[node name="LookUp" parent="Managers/Guards/GuardPaths/CommonRoomOutside" instance=ExtResource("21_1ouwy")]
direction = 2
duration = 3

[node name="LookLeft" parent="Managers/Guards/GuardPaths/CommonRoomOutside" instance=ExtResource("21_1ouwy")]
duration = 10

[node name="LookDown" parent="Managers/Guards/GuardPaths/CommonRoomOutside" instance=ExtResource("21_1ouwy")]
direction = 3
duration = 3

[node name="CanteenInside" parent="Managers/Guards/GuardPaths" instance=ExtResource("20_2gdf7")]
position = Vector2(-357, -1556)
duty_id = 13

[node name="GuardGotoTaskNode" parent="Managers/Guards/GuardPaths/CanteenInside" instance=ExtResource("20_12bl7")]

[node name="LookDown" parent="Managers/Guards/GuardPaths/CanteenInside" instance=ExtResource("21_1ouwy")]
direction = 3
duration = 3

[node name="LookRight" parent="Managers/Guards/GuardPaths/CanteenInside" instance=ExtResource("21_1ouwy")]
direction = 1
duration = 10

[node name="CanteenOutside" parent="Managers/Guards/GuardPaths" instance=ExtResource("20_2gdf7")]
position = Vector2(430, -908)
duty_id = 14

[node name="TopLeftGoto" parent="Managers/Guards/GuardPaths/CanteenOutside" instance=ExtResource("20_12bl7")]
position = Vector2(11403, -508)

[node name="LookLeft" parent="Managers/Guards/GuardPaths/CanteenOutside" instance=ExtResource("21_1ouwy")]
duration = 5

[node name="LookDown" parent="Managers/Guards/GuardPaths/CanteenOutside" instance=ExtResource("21_1ouwy")]
direction = 3
duration = 5

[node name="LookRight" parent="Managers/Guards/GuardPaths/CanteenOutside" instance=ExtResource("21_1ouwy")]
direction = 1
duration = 5

[node name="LookDown2" parent="Managers/Guards/GuardPaths/CanteenOutside" instance=ExtResource("21_1ouwy")]
direction = 3
duration = 5

[node name="Library" parent="Managers/Guards/GuardPaths" instance=ExtResource("20_2gdf7")]
duty_id = 15

[node name="GuardGotoTaskNode" parent="Managers/Guards/GuardPaths/Library" instance=ExtResource("20_12bl7")]
position = Vector2(1166, 1166)

[node name="LookDown" parent="Managers/Guards/GuardPaths/Library" instance=ExtResource("21_1ouwy")]
direction = 3
duration = 5

[node name="LookRight" parent="Managers/Guards/GuardPaths/Library" instance=ExtResource("21_1ouwy")]
direction = 1
duration = 5

[node name="Workshop" parent="Managers/Guards/GuardPaths" instance=ExtResource("20_2gdf7")]
duty_id = 16

[node name="GuardGotoTaskNode" parent="Managers/Guards/GuardPaths/Workshop" instance=ExtResource("20_12bl7")]
position = Vector2(1553, -517)

[node name="LookRight" parent="Managers/Guards/GuardPaths/Workshop" instance=ExtResource("21_1ouwy")]
direction = 1
duration = 5

[node name="GuardGotoTaskNode2" parent="Managers/Guards/GuardPaths/Workshop" instance=ExtResource("20_12bl7")]
position = Vector2(2337, -499)

[node name="LookDown" parent="Managers/Guards/GuardPaths/Workshop" instance=ExtResource("21_1ouwy")]
direction = 3
duration = 5

[node name="GuardGotoTaskNode3" parent="Managers/Guards/GuardPaths/Workshop" instance=ExtResource("20_12bl7")]
position = Vector2(2339, 171)

[node name="LookLeft" parent="Managers/Guards/GuardPaths/Workshop" instance=ExtResource("21_1ouwy")]
duration = 5

[node name="GuardGotoTaskNode4" parent="Managers/Guards/GuardPaths/Workshop" instance=ExtResource("20_12bl7")]
position = Vector2(1521, 148)

[node name="LookUp" parent="Managers/Guards/GuardPaths/Workshop" instance=ExtResource("21_1ouwy")]
direction = 2
duration = 5

[node name="WcOutside" parent="Managers/Guards/GuardPaths" instance=ExtResource("20_2gdf7")]
duty_id = 17

[node name="GuardGotoTaskNode" parent="Managers/Guards/GuardPaths/WcOutside" instance=ExtResource("20_12bl7")]
position = Vector2(8491, 903)

[node name="LookUp" parent="Managers/Guards/GuardPaths/WcOutside" instance=ExtResource("21_1ouwy")]
direction = 2
duration = 5

[node name="LookRight" parent="Managers/Guards/GuardPaths/WcOutside" instance=ExtResource("21_1ouwy")]
direction = 1
duration = 5

[node name="SleepingRoomOutside" parent="Managers/Guards/GuardPaths" instance=ExtResource("20_2gdf7")]
duty_id = 18

[node name="GuardGotoTaskNode" parent="Managers/Guards/GuardPaths/SleepingRoomOutside" instance=ExtResource("20_12bl7")]
position = Vector2(10197, 900)

[node name="LookLeft" parent="Managers/Guards/GuardPaths/SleepingRoomOutside" instance=ExtResource("21_1ouwy")]
duration = 5

[node name="LookUp2" parent="Managers/Guards/GuardPaths/SleepingRoomOutside" instance=ExtResource("21_1ouwy")]
direction = 2
duration = 5

[node name="LookRight" parent="Managers/Guards/GuardPaths/SleepingRoomOutside" instance=ExtResource("21_1ouwy")]
direction = 1
duration = 5

[node name="LookUp3" parent="Managers/Guards/GuardPaths/SleepingRoomOutside" instance=ExtResource("21_1ouwy")]
direction = 2
duration = 5

[node name="GuardSleepingRoom1" parent="Managers/Guards/GuardPaths" instance=ExtResource("20_2gdf7")]
duty_id = 19

[node name="GuardGotoTaskNode" parent="Managers/Guards/GuardPaths/GuardSleepingRoom1" instance=ExtResource("20_12bl7")]
position = Vector2(1568, -1188)

[node name="LookDown" parent="Managers/Guards/GuardPaths/GuardSleepingRoom1" instance=ExtResource("21_1ouwy")]
direction = 3
duration = 5

[node name="LookRight" parent="Managers/Guards/GuardPaths/GuardSleepingRoom1" instance=ExtResource("21_1ouwy")]
direction = 1
duration = 5

[node name="GuardSleepingRoom2" parent="Managers/Guards/GuardPaths" instance=ExtResource("20_2gdf7")]
duty_id = 20

[node name="GuardGotoTaskNode" parent="Managers/Guards/GuardPaths/GuardSleepingRoom2" instance=ExtResource("20_12bl7")]
position = Vector2(1932, -1184)

[node name="LookDown" parent="Managers/Guards/GuardPaths/GuardSleepingRoom2" instance=ExtResource("21_1ouwy")]
direction = 3
duration = 5

[node name="LookRight" parent="Managers/Guards/GuardPaths/GuardSleepingRoom2" instance=ExtResource("21_1ouwy")]
direction = 1
duration = 5

[node name="GuardManager" parent="Managers/Guards" node_paths=PackedStringArray("zone_manager", "guard_path_holder") instance=ExtResource("17_b7pbu")]
schedule = ExtResource("18_xuojk")
zone_manager = NodePath("../../Zones/ProhibitedZoneManager")
guard_path_holder = NodePath("../GuardPaths")

[node name="Patients" type="Node" parent="Managers"]

[node name="PatientManager" type="Node" parent="Managers/Patients" node_paths=PackedStringArray("timer_holder")]
script = ExtResource("22_kyf6h")
schedule = ExtResource("23_7pd5t")
timer_holder = NodePath("TimerHolder")

[node name="TimerHolder" type="Node" parent="Managers/Patients/PatientManager"]

[node name="ActivityManagers" type="Node" parent="Managers/Patients"]

[node name="SleepActivityManager" type="Node" parent="Managers/Patients/ActivityManagers" node_paths=PackedStringArray("beds")]
script = ExtResource("21_p2tkt")
beds = [NodePath("../../../../FirstFloor/DrawObjects/Sleeping Room/NigmaBed"), NodePath("../../../../FirstFloor/DrawObjects/Sleeping Room/SoftingBed"), NodePath("../../../../FirstFloor/DrawObjects/Sleeping Room/SampsonBed"), NodePath("../../../../FirstFloor/DrawObjects/Sleeping Room/PaStudentBed"), NodePath("../../../../FirstFloor/DrawObjects/Sleeping Room/RainmanBed"), NodePath("../../../../FirstFloor/DrawObjects/Sleeping Room/PublicTransportInspectorBed"), NodePath("../../../../FirstFloor/DrawObjects/Sleeping Room/SexyVegetarianBed")]
activity_id = 1

[node name="UseActivityManager" type="Node" parent="Managers/Patients/ActivityManagers" node_paths=PackedStringArray("usable_nodes")]
script = ExtResource("23_ydvp0")
usable_nodes = [NodePath("../../../../FirstFloor/DrawObjects/Library/ArmchairRight"), NodePath("../../../../GroundFloor/DrawObjects/Workshop/SexyVegetarianWorkshopSpot"), NodePath("../../../../GroundFloor/DrawObjects/Workshop/SunnymanWorkshopSpot")]
usable_ids = Array[int]([0, 1, 2])

[node name="EatActivityManager" type="Node" parent="Managers/Patients/ActivityManagers" node_paths=PackedStringArray("_sitting_spots", "buffer", "retry_timer")]
script = ExtResource("26_th3t8")
_sitting_spots = [NodePath("../../../../GroundFloor/DrawObjects/Jidelna/WoodenChairFront"), NodePath("../../../../GroundFloor/DrawObjects/Jidelna/WoodenChairFront2"), NodePath("../../../../GroundFloor/DrawObjects/Jidelna/WoodenChairBack"), NodePath("../../../../GroundFloor/DrawObjects/Jidelna/WoodenChairFront3"), NodePath("../../../../GroundFloor/DrawObjects/Jidelna/WoodenChairFront4"), NodePath("../../../../GroundFloor/DrawObjects/Jidelna/WoodenChairBack3"), NodePath("../../../../GroundFloor/DrawObjects/Jidelna/WoodenChairBack4"), NodePath("../../../../GroundFloor/DrawObjects/Jidelna/WoodenChairFront5"), NodePath("../../../../GroundFloor/DrawObjects/Jidelna/WoodenChairFront6"), NodePath("../../../../GroundFloor/DrawObjects/Jidelna/WoodenChairFront7"), NodePath("../../../../GroundFloor/DrawObjects/Jidelna/WoodenChairFront8"), NodePath("../../../../GroundFloor/DrawObjects/Jidelna/WoodenChairBack7"), NodePath("../../../../GroundFloor/DrawObjects/Jidelna/WoodenChairBack8"), NodePath("../../../../GroundFloor/DrawObjects/Jidelna/WoodenChairFront9"), NodePath("../../../../GroundFloor/DrawObjects/Jidelna/WoodenChairFront10"), NodePath("../../../../GroundFloor/DrawObjects/Jidelna/WoodenChairBack9"), NodePath("../../../../GroundFloor/DrawObjects/Jidelna/WoodenChairBack10"), NodePath("../../../../GroundFloor/DrawObjects/Jidelna/WoodenChairFront11"), NodePath("../../../../GroundFloor/DrawObjects/Jidelna/WoodenChairFront12"), NodePath("../../../../GroundFloor/DrawObjects/Jidelna/WoodenChairBack11"), NodePath("../../../../GroundFloor/DrawObjects/Jidelna/WoodenChairBack12")]
buffer = NodePath("../../../../GroundFloor/DrawObjects/Producent/ProductionBuffer")
retry_timer = NodePath("Timer")
activity_id = 2

[node name="Timer" type="Timer" parent="Managers/Patients/ActivityManagers/EatActivityManager"]

[node name="PillsActivityManager" type="Node" parent="Managers/Patients/ActivityManagers" node_paths=PackedStringArray("_sitting_spots", "buffer", "retry_timer")]
script = ExtResource("30_1wg80")
_sitting_spots = [NodePath("../../../../FirstFloor/DrawObjects/Common Room/ArmchairLeft"), NodePath("../../../../FirstFloor/DrawObjects/Common Room/ArmchairRight"), NodePath("../../../../FirstFloor/DrawObjects/Common Room/WoodenChairBack"), NodePath("../../../../FirstFloor/DrawObjects/Common Room/WoodenChairBack2"), NodePath("../../../../FirstFloor/DrawObjects/Common Room/WoodenChairBack3"), NodePath("../../../../FirstFloor/DrawObjects/Common Room/WoodenChairBack4"), NodePath("../../../../FirstFloor/DrawObjects/Common Room/WoodenChairSide"), NodePath("../../../../FirstFloor/DrawObjects/Common Room/WoodenChairSide2"), NodePath("../../../../FirstFloor/DrawObjects/Common Room/WoodenChairSide7"), NodePath("../../../../FirstFloor/DrawObjects/Common Room/WoodenChairSide8"), NodePath("../../../../FirstFloor/DrawObjects/Common Room/WoodenChairFront5"), NodePath("../../../../FirstFloor/DrawObjects/Common Room/WoodenChairFront6"), NodePath("../../../../FirstFloor/DrawObjects/Common Room/WoodenChairBack9"), NodePath("../../../../FirstFloor/DrawObjects/Common Room/WoodenChairBack10")]
buffer = NodePath("../../../../FirstFloor/DrawObjects/Producent/ProductionBuffer")
retry_timer = NodePath("Timer")
activity_id = 5

[node name="Timer" type="Timer" parent="Managers/Patients/ActivityManagers/PillsActivityManager"]

[node name="BrushTeethActivityManager" type="Node" parent="Managers/Patients/ActivityManagers" node_paths=PackedStringArray("sink_spots")]
script = ExtResource("33_s0tv1")
sink_spots = [NodePath("TeethBrushingSpot1"), NodePath("TeethBrushingSpot2"), NodePath("TeethBrushingSpot3"), NodePath("TeethBrushingSpot4"), NodePath("TeethBrushingSpot5"), NodePath("TeethBrushingSpot6"), NodePath("TeethBrushingSpot7"), NodePath("TeethBrushingSpot8")]
teeth_brushing_animation_name = "run_back"
activity_id = 3

[node name="TeethBrushingSpot1" type="Node2D" parent="Managers/Patients/ActivityManagers/BrushTeethActivityManager"]
position = Vector2(903, -1212)

[node name="TeethBrushingSpot2" type="Node2D" parent="Managers/Patients/ActivityManagers/BrushTeethActivityManager"]
position = Vector2(963, -1209)

[node name="TeethBrushingSpot3" type="Node2D" parent="Managers/Patients/ActivityManagers/BrushTeethActivityManager"]
position = Vector2(1017, -1206)

[node name="TeethBrushingSpot4" type="Node2D" parent="Managers/Patients/ActivityManagers/BrushTeethActivityManager"]
position = Vector2(1073, -1207)

[node name="TeethBrushingSpot5" type="Node2D" parent="Managers/Patients/ActivityManagers/BrushTeethActivityManager"]
position = Vector2(1121, -1204)

[node name="TeethBrushingSpot6" type="Node2D" parent="Managers/Patients/ActivityManagers/BrushTeethActivityManager"]
position = Vector2(1175, -1209)

[node name="TeethBrushingSpot7" type="Node2D" parent="Managers/Patients/ActivityManagers/BrushTeethActivityManager"]
position = Vector2(1231, -1206)

[node name="TeethBrushingSpot8" type="Node2D" parent="Managers/Patients/ActivityManagers/BrushTeethActivityManager"]
position = Vector2(1282, -1211)

[node name="StandWithAnimationManager" type="Node" parent="Managers/Patients/ActivityManagers" node_paths=PackedStringArray("_stand_spots")]
script = ExtResource("34_bdpdp")
_stand_spots_ids = Array[int]([0, 1, 2, 3])
_stand_spots = [NodePath("NigmaTv"), NodePath("SampsonCommonRoom"), NodePath("PaStudentLibrary"), NodePath("PublicTransportInspectorArchive")]
activity_id = 6

[node name="NigmaTv" type="Node2D" parent="Managers/Patients/ActivityManagers/StandWithAnimationManager"]
position = Vector2(11724, -54)

[node name="SampsonCommonRoom" type="Node2D" parent="Managers/Patients/ActivityManagers/StandWithAnimationManager"]
position = Vector2(11534, -731)

[node name="PaStudentLibrary" type="Node2D" parent="Managers/Patients/ActivityManagers/StandWithAnimationManager"]
position = Vector2(7856, 506)

[node name="PublicTransportInspectorArchive" type="Node2D" parent="Managers/Patients/ActivityManagers/StandWithAnimationManager"]
position = Vector2(1425, 1249)

[node name="Zones" type="Node" parent="Managers"]

[node name="ProhibitedZoneManager" parent="Managers/Zones" instance=ExtResource("18_33b05")]
daily_config = ExtResource("19_2g3ia")

[node name="Zones" type="Node" parent="Managers/Zones"]

[node name="StoreRoom" parent="Managers/Zones/Zones" instance=ExtResource("22_68t8e")]
zone_id = 8

[node name="CollisionShape2D" type="CollisionShape2D" parent="Managers/Zones/Zones/StoreRoom"]
position = Vector2(-1976, -1401.5)
shape = SubResource("RectangleShape2D_wx0x0")

[node name="CollisionShape2D2" type="CollisionShape2D" parent="Managers/Zones/Zones/StoreRoom"]
position = Vector2(-1324, -1376.5)
shape = SubResource("RectangleShape2D_dpkqe")

[node name="Kitchen" parent="Managers/Zones/Zones" instance=ExtResource("22_68t8e")]
position = Vector2(1311, 0)
zone_id = 9

[node name="CollisionShape2D" type="CollisionShape2D" parent="Managers/Zones/Zones/Kitchen"]
position = Vector2(-2061, -1377.5)
shape = SubResource("RectangleShape2D_40ss2")

[node name="Canteen" parent="Managers/Zones/Zones" instance=ExtResource("22_68t8e")]
position = Vector2(1311, 0)
zone_id = 10

[node name="CollisionShape2D" type="CollisionShape2D" parent="Managers/Zones/Zones/Canteen"]
position = Vector2(-1144.5, -1374.5)
shape = SubResource("RectangleShape2D_jjd22")

[node name="GfWc" parent="Managers/Zones/Zones" instance=ExtResource("22_68t8e")]
position = Vector2(1311, 0)
zone_id = 11

[node name="CollisionShape2D" type="CollisionShape2D" parent="Managers/Zones/Zones/GfWc"]
position = Vector2(-217.25, -1371.5)
shape = SubResource("RectangleShape2D_unega")

[node name="SecuritySleepingRoom" parent="Managers/Zones/Zones" instance=ExtResource("22_68t8e")]
position = Vector2(1311, 0)
zone_id = 12

[node name="CollisionShape2D" type="CollisionShape2D" parent="Managers/Zones/Zones/SecuritySleepingRoom"]
position = Vector2(607.5, -1230.06)
shape = SubResource("RectangleShape2D_1j36h")

[node name="Workshop" parent="Managers/Zones/Zones" instance=ExtResource("22_68t8e")]
position = Vector2(1311, 0)
zone_id = 13

[node name="CollisionShape2D" type="CollisionShape2D" parent="Managers/Zones/Zones/Workshop"]
position = Vector2(603.5, -227.063)
shape = SubResource("RectangleShape2D_i0tt3")

[node name="GfHall" parent="Managers/Zones/Zones" instance=ExtResource("22_68t8e")]
position = Vector2(1311, 0)

[node name="CollisionShape2D" type="CollisionShape2D" parent="Managers/Zones/Zones/GfHall"]
position = Vector2(-1370.5, -8.5)
shape = SubResource("RectangleShape2D_ni3pq")

[node name="CollisionShape2D2" type="CollisionShape2D" parent="Managers/Zones/Zones/GfHall"]
position = Vector2(-3289, -684.5)
shape = SubResource("RectangleShape2D_kmt5l")

[node name="CollisionShape2D3" type="CollisionShape2D" parent="Managers/Zones/Zones/GfHall"]
position = Vector2(612.5, 605)
shape = SubResource("RectangleShape2D_7cd22")

[node name="CollisionShape2D4" type="CollisionShape2D" parent="Managers/Zones/Zones/GfHall"]
position = Vector2(-1617, 1368.5)
shape = SubResource("RectangleShape2D_twp8t")

[node name="Archive" parent="Managers/Zones/Zones" instance=ExtResource("22_68t8e")]
position = Vector2(1311, 0)
zone_id = 1

[node name="CollisionShape2D" type="CollisionShape2D" parent="Managers/Zones/Zones/Archive"]
position = Vector2(436.688, 1366)
shape = SubResource("RectangleShape2D_fwf08")

[node name="GfElevator" parent="Managers/Zones/Zones" instance=ExtResource("22_68t8e")]
position = Vector2(1311, 0)
zone_id = 2

[node name="CollisionShape2D" type="CollisionShape2D" parent="Managers/Zones/Zones/GfElevator"]
position = Vector2(-409, 1138.53)
shape = SubResource("RectangleShape2D_2a2wy")

[node name="GfJanitorRoom" parent="Managers/Zones/Zones" instance=ExtResource("22_68t8e")]
position = Vector2(1311, 0)
zone_id = 3

[node name="CollisionShape2D" type="CollisionShape2D" parent="Managers/Zones/Zones/GfJanitorRoom"]
position = Vector2(-766, 1365.5)
shape = SubResource("RectangleShape2D_7d5w2")

[node name="CollisionShape2D2" type="CollisionShape2D" parent="Managers/Zones/Zones/GfJanitorRoom"]
position = Vector2(-415.5, 1554.5)
shape = SubResource("RectangleShape2D_kfyxk")

[node name="Reception" parent="Managers/Zones/Zones" instance=ExtResource("22_68t8e")]
position = Vector2(1311, 0)
zone_id = 4

[node name="CollisionShape2D" type="CollisionShape2D" parent="Managers/Zones/Zones/Reception"]
position = Vector2(-1203, 1367.02)
shape = SubResource("RectangleShape2D_l178b")

[node name="DirectorsOffice" parent="Managers/Zones/Zones" instance=ExtResource("22_68t8e")]
position = Vector2(1311, 0)
zone_id = 5

[node name="CollisionShape2D" type="CollisionShape2D" parent="Managers/Zones/Zones/DirectorsOffice"]
position = Vector2(-2177, 1366)
shape = SubResource("RectangleShape2D_h34rw")

[node name="EmployeeOffice" parent="Managers/Zones/Zones" instance=ExtResource("22_68t8e")]
position = Vector2(1311, 0)
zone_id = 6

[node name="CollisionShape2D" type="CollisionShape2D" parent="Managers/Zones/Zones/EmployeeOffice"]
position = Vector2(-3150, 1364)
shape = SubResource("RectangleShape2D_e0e2r")

[node name="CollisionShape2D2" type="CollisionShape2D" parent="Managers/Zones/Zones/EmployeeOffice"]
position = Vector2(-3289.5, 707)
shape = SubResource("RectangleShape2D_j8ldy")

[node name="CleaningRoom" parent="Managers/Zones/Zones" instance=ExtResource("22_68t8e")]
position = Vector2(1311, 0)
zone_id = 7

[node name="CollisionShape2D" type="CollisionShape2D" parent="Managers/Zones/Zones/CleaningRoom"]
position = Vector2(-3292, 59.5)
shape = SubResource("RectangleShape2D_46ujw")

[node name="Infirmary" parent="Managers/Zones/Zones" instance=ExtResource("22_68t8e")]
position = Vector2(1311, 0)
zone_id = 22

[node name="CollisionShape2D" type="CollisionShape2D" parent="Managers/Zones/Zones/Infirmary"]
position = Vector2(6945, -1396)
shape = SubResource("RectangleShape2D_outbg")

[node name="Psychiatrist" parent="Managers/Zones/Zones" instance=ExtResource("22_68t8e")]
position = Vector2(1311, 0)
zone_id = 23

[node name="CollisionShape2D" type="CollisionShape2D" parent="Managers/Zones/Zones/Psychiatrist"]
position = Vector2(8015, -1381.94)
shape = SubResource("RectangleShape2D_suiv5")

[node name="OperationRoom" parent="Managers/Zones/Zones" instance=ExtResource("22_68t8e")]
position = Vector2(1311, 0)
zone_id = 24

[node name="CollisionShape2D" type="CollisionShape2D" parent="Managers/Zones/Zones/OperationRoom"]
position = Vector2(8831, -1383.47)
shape = SubResource("RectangleShape2D_m2aea")

[node name="DoctorsRoom" parent="Managers/Zones/Zones" instance=ExtResource("22_68t8e")]
position = Vector2(1311, 0)
zone_id = 25

[node name="CollisionShape2D" type="CollisionShape2D" parent="Managers/Zones/Zones/DoctorsRoom"]
position = Vector2(9685.5, -1384.47)
shape = SubResource("RectangleShape2D_ag53o")

[node name="MedicalStorage" parent="Managers/Zones/Zones" instance=ExtResource("22_68t8e")]
position = Vector2(1311, 0)
zone_id = 26

[node name="CollisionShape2D" type="CollisionShape2D" parent="Managers/Zones/Zones/MedicalStorage"]
position = Vector2(10610.5, -1335)
shape = SubResource("RectangleShape2D_wil5a")

[node name="CommonRoom" parent="Managers/Zones/Zones" instance=ExtResource("22_68t8e")]
position = Vector2(1311, 0)
zone_id = 27

[node name="CollisionShape2D" type="CollisionShape2D" parent="Managers/Zones/Zones/CommonRoom"]
position = Vector2(10606, -359)
shape = SubResource("RectangleShape2D_n81vp")

[node name="FfHall" parent="Managers/Zones/Zones" instance=ExtResource("22_68t8e")]
position = Vector2(1311, 0)
zone_id = 14

[node name="CollisionShape2D" type="CollisionShape2D" parent="Managers/Zones/Zones/FfHall"]
position = Vector2(8627.5, -38)
shape = SubResource("RectangleShape2D_qjrv6")

[node name="CollisionShape2D2" type="CollisionShape2D" parent="Managers/Zones/Zones/FfHall"]
position = Vector2(6707.5, -704.5)
shape = SubResource("RectangleShape2D_xj5bo")

[node name="CollisionShape2D3" type="CollisionShape2D" parent="Managers/Zones/Zones/FfHall"]
position = Vector2(10606, 586)
shape = SubResource("RectangleShape2D_8t7sf")

[node name="Cinema" parent="Managers/Zones/Zones" instance=ExtResource("22_68t8e")]
position = Vector2(1311, 0)
zone_id = 15

[node name="CollisionShape2D" type="CollisionShape2D" parent="Managers/Zones/Zones/Cinema"]
position = Vector2(10432.5, 1346)
shape = SubResource("RectangleShape2D_b7hb5")

[node name="CollisionShape2D2" type="CollisionShape2D" parent="Managers/Zones/Zones/Cinema"]
position = Vector2(9596.75, 1560.5)
shape = SubResource("RectangleShape2D_056p5")

[node name="FfElevator" parent="Managers/Zones/Zones" instance=ExtResource("22_68t8e")]
position = Vector2(1311, 0)
zone_id = 16

[node name="CollisionShape2D" type="CollisionShape2D" parent="Managers/Zones/Zones/FfElevator"]
position = Vector2(9588.5, 1149.5)
shape = SubResource("RectangleShape2D_68cbp")

[node name="FfSecurityRoom" parent="Managers/Zones/Zones" instance=ExtResource("22_68t8e")]
position = Vector2(1311, 0)
zone_id = 17

[node name="CollisionShape2D" type="CollisionShape2D" parent="Managers/Zones/Zones/FfSecurityRoom"]
position = Vector2(9225, 1351.5)
shape = SubResource("RectangleShape2D_ysb5d")

[node name="SleepingRoom" parent="Managers/Zones/Zones" instance=ExtResource("22_68t8e")]
position = Vector2(1311, 0)
zone_id = 18

[node name="CollisionShape2D" type="CollisionShape2D" parent="Managers/Zones/Zones/SleepingRoom"]
position = Vector2(8238.5, 1352.5)
shape = SubResource("RectangleShape2D_6duah")

[node name="FfWc" parent="Managers/Zones/Zones" instance=ExtResource("22_68t8e")]
position = Vector2(1311, 0)
zone_id = 19

[node name="CollisionShape2D" type="CollisionShape2D" parent="Managers/Zones/Zones/FfWc"]
position = Vector2(6850, 1350.5)
shape = SubResource("RectangleShape2D_cs8dw")

[node name="Library" parent="Managers/Zones/Zones" instance=ExtResource("22_68t8e")]
position = Vector2(1311, 0)
zone_id = 20

[node name="CollisionShape2D" type="CollisionShape2D" parent="Managers/Zones/Zones/Library"]
position = Vector2(6706.5, 536.5)
shape = SubResource("RectangleShape2D_err6s")

[node name="Outside" parent="Managers/Zones/Zones" instance=ExtResource("22_68t8e")]
zone_id = 28

[node name="CollisionShape2D" type="CollisionShape2D" parent="Managers/Zones/Zones/Outside"]
visible = false
position = Vector2(-10216, 316.25)
shape = SubResource("RectangleShape2D_bjgx4")

[node name="FfJanitorRoom" parent="Managers/Zones/Zones" instance=ExtResource("22_68t8e")]
position = Vector2(1311, 0)
zone_id = 21

[node name="CollisionShape2D" type="CollisionShape2D" parent="Managers/Zones/Zones/FfJanitorRoom"]
position = Vector2(6713.5, -121.5)
shape = SubResource("RectangleShape2D_i3sg2")

[node name="DialogueController" parent="." instance=ExtResource("32_0qcnv")]

[node name="Teleports" type="Node" parent="."]

[node name="WestStairs" type="Node2D" parent="Teleports"]

[node name="GroundFloorTeleport" type="Area2D" parent="Teleports/WestStairs" node_paths=PackedStringArray("where_node")]
position = Vector2(1594, 840)
collision_layer = 0
collision_mask = 4
script = ExtResource("30_l6yrq")
where_node = NodePath("WhereNode")

[node name="CollisionShape2D" type="CollisionShape2D" parent="Teleports/WestStairs/GroundFloorTeleport"]
position = Vector2(698.5, -168)
shape = SubResource("RectangleShape2D_txav3")

[node name="WhereNode" type="Node2D" parent="Teleports/WestStairs/GroundFloorTeleport"]
position = Vector2(9819, -546)

[node name="FirstFloorTeleport" type="Area2D" parent="Teleports/WestStairs" node_paths=PackedStringArray("where_node")]
position = Vector2(11587, 833)
collision_layer = 0
collision_mask = 4
script = ExtResource("30_l6yrq")
where_node = NodePath("WhereNode")

[node name="CollisionShape2D" type="CollisionShape2D" parent="Teleports/WestStairs/FirstFloorTeleport"]
position = Vector2(725, -169.5)
shape = SubResource("RectangleShape2D_ksqn7")

[node name="WhereNode" type="Node2D" parent="Teleports/WestStairs/FirstFloorTeleport"]
position = Vector2(-10130, 40)

[node name="ToFirstFloor" type="NavigationLink2D" parent="Teleports/WestStairs"]
bidirectional = false
start_position = Vector2(2279, 604)
end_position = Vector2(11446, 303)

[node name="ToGroundFloor" type="NavigationLink2D" parent="Teleports/WestStairs"]
bidirectional = false
start_position = Vector2(12305, 862)
end_position = Vector2(1458, 875)

[node name="EastStairs" type="Node2D" parent="Teleports"]
position = Vector2(-4587, -1295)

[node name="GroundFloorTeleport" type="Area2D" parent="Teleports/EastStairs" node_paths=PackedStringArray("where_node")]
position = Vector2(1594, 840)
collision_layer = 0
collision_mask = 4
script = ExtResource("30_l6yrq")
where_node = NodePath("WhereNode")

[node name="CollisionShape2D" type="CollisionShape2D" parent="Teleports/EastStairs/GroundFloorTeleport"]
position = Vector2(691.75, -171.5)
shape = SubResource("RectangleShape2D_shysy")

[node name="WhereNode" type="Node2D" parent="Teleports/EastStairs/GroundFloorTeleport"]
position = Vector2(11464, -462)

[node name="FirstFloorTeleport" type="Area2D" parent="Teleports/EastStairs" node_paths=PackedStringArray("where_node")]
position = Vector2(11587, 833)
collision_layer = 0
collision_mask = 4
script = ExtResource("30_l6yrq")
where_node = NodePath("WhereNode")

[node name="CollisionShape2D" type="CollisionShape2D" parent="Teleports/EastStairs/FirstFloorTeleport"]
position = Vector2(710, -176.25)
shape = SubResource("RectangleShape2D_u5gm5")

[node name="WhereNode" type="Node2D" parent="Teleports/EastStairs/FirstFloorTeleport"]
position = Vector2(-8539, -42)

[node name="ToFirstFloor" type="NavigationLink2D" parent="Teleports/EastStairs"]
enabled = false
bidirectional = false
start_position = Vector2(3054, 789)
end_position = Vector2(12310, 639)

[node name="ToGroundFloor" type="NavigationLink2D" parent="Teleports/EastStairs"]
start_position = Vector2(12292, 686)
end_position = Vector2(2283, 839)

[node name="MiddleStairs" type="Node2D" parent="Teleports"]
position = Vector2(-2100, -818)

[node name="GroundFloorTeleport" type="Area2D" parent="Teleports/MiddleStairs" node_paths=PackedStringArray("where_node")]
position = Vector2(1594, 840)
collision_layer = 0
collision_mask = 4
script = ExtResource("30_l6yrq")
where_node = NodePath("WhereNode")

[node name="CollisionShape2D" type="CollisionShape2D" parent="Teleports/MiddleStairs/GroundFloorTeleport"]
position = Vector2(698, -179)
shape = SubResource("RectangleShape2D_rq51c")

[node name="WhereNode" type="Node2D" parent="Teleports/MiddleStairs/GroundFloorTeleport"]
position = Vector2(10693, -541)

[node name="FirstFloorTeleport" type="Area2D" parent="Teleports/MiddleStairs" node_paths=PackedStringArray("where_node")]
position = Vector2(11587, 833)
collision_layer = 0
collision_mask = 4
script = ExtResource("30_l6yrq")
where_node = NodePath("WhereNode")

[node name="CollisionShape2D" type="CollisionShape2D" parent="Teleports/MiddleStairs/FirstFloorTeleport"]
position = Vector2(693, 134.5)
shape = SubResource("RectangleShape2D_pln0x")

[node name="WhereNode" type="Node2D" parent="Teleports/MiddleStairs/FirstFloorTeleport"]
position = Vector2(-9307, 477)

[node name="ToFirstFloor" type="NavigationLink2D" parent="Teleports/MiddleStairs"]
bidirectional = false
start_position = Vector2(2280, 642)
end_position = Vector2(12286, 299)

[node name="ToGroundFloor" type="NavigationLink2D" parent="Teleports/MiddleStairs"]
bidirectional = false
start_position = Vector2(12287, 971)
end_position = Vector2(2279, 1313)

[node name="Elevator" type="Node2D" parent="Teleports"]
position = Vector2(-1401, 90)

[node name="GroundFloorTeleport" type="Area2D" parent="Teleports/Elevator" node_paths=PackedStringArray("where_node")]
position = Vector2(1594, 840)
collision_layer = 0
collision_mask = 4
script = ExtResource("30_l6yrq")
where_node = NodePath("WhereNode")

[node name="CollisionShape2D" type="CollisionShape2D" parent="Teleports/Elevator/GroundFloorTeleport"]
position = Vector2(709.5, 298.5)
shape = SubResource("RectangleShape2D_x81cl")

[node name="WhereNode" type="Node2D" parent="Teleports/Elevator/GroundFloorTeleport"]
position = Vector2(10708, -10)

[node name="FirstFloorTeleport" type="Area2D" parent="Teleports/Elevator" node_paths=PackedStringArray("where_node")]
position = Vector2(11587, 833)
collision_layer = 0
collision_mask = 4
script = ExtResource("30_l6yrq")
where_node = NodePath("WhereNode")

[node name="CollisionShape2D" type="CollisionShape2D" parent="Teleports/Elevator/FirstFloorTeleport"]
position = Vector2(716.906, 351.5)
shape = SubResource("RectangleShape2D_msxrm")

[node name="WhereNode" type="Node2D" parent="Teleports/Elevator/FirstFloorTeleport"]
position = Vector2(-9279, 15)

[node name="ToFirstFloor" type="NavigationLink2D" parent="Teleports/Elevator"]
bidirectional = false
navigation_layers = 2
start_position = Vector2(2307, 1139)
end_position = Vector2(12302, 828)

[node name="ToGroundFloor" type="NavigationLink2D" parent="Teleports/Elevator"]
position = Vector2(8, -104)
bidirectional = false
navigation_layers = 2
start_position = Vector2(12297, 1290)
end_position = Vector2(2298, 954)

[node name="StartOfGameBarrier" type="StaticBody2D" parent="."]

[node name="CollisionShape2D" type="CollisionShape2D" parent="StartOfGameBarrier"]
position = Vector2(8575, -999)
shape = SubResource("RectangleShape2D_r3rnb")

[node name="PlayerCaughtHandler" parent="." node_paths=PackedStringArray("where_to_port_after_caught", "player") instance=ExtResource("42_t68bm")]
where_to_port_after_caught = NodePath("WhereToPortPlayerAfterCaught")
player = NodePath("../PlayerCamera")

[node name="WhereToPortPlayerAfterCaught" type="Node2D" parent="PlayerCaughtHandler"]
position = Vector2(10324, 1567)

[node name="Minigames" type="Node2D" parent="." node_paths=PackedStringArray("player", "door_collider", "guard")]
process_mode = 3
script = ExtResource("44_ado3s")
player = NodePath("../PlayerCamera")
door_collider = NodePath("../Outside/Colliders/CollisionArea/DoorCollider")
guard = NodePath("../OutsideGuard/NewGuardBase")

[node name="CanvasLayer" type="CanvasLayer" parent="Minigames"]
layer = 4

[node name="Breakerbox" parent="Minigames/CanvasLayer" instance=ExtResource("45_thjjq")]
visible = false
anchors_preset = -1
anchor_right = 48.001
anchor_bottom = 26.991
offset_right = -1880.04
offset_bottom = -1039.64

[node name="Fence" parent="Minigames/CanvasLayer" instance=ExtResource("46_mt6uq")]
visible = false

[node name="Lockpick" parent="Minigames/CanvasLayer" instance=ExtResource("45_s5ver")]
visible = false

[node name="Hexcode" parent="Minigames/CanvasLayer" instance=ExtResource("48_rbw3e")]
visible = false

[node name="Popup" parent="Minigames/CanvasLayer" instance=ExtResource("49_iajsr")]

[node name="SleepUi" parent="Minigames/CanvasLayer" instance=ExtResource("50_s5edw")]
visible = false

[node name="Endgame" parent="." instance=ExtResource("49_m2rhe")]
process_mode = 3

[node name="CanvasLayer" parent="Endgame" index="0"]
layer = 4

[node name="Control" parent="Endgame/CanvasLayer" index="0"]
visible = false

[node name="Measuring Broom" parent="." instance=ExtResource("45_wjstl")]
position = Vector2(-8632, 4113)

[node name="OutsideGuard" type="Node2D" parent="."]
y_sort_enabled = true
position = Vector2(-10000, 500)

[node name="BaseNewGuardSchedule" parent="OutsideGuard" node_paths=PackedStringArray("guard", "activities") instance=ExtResource("52_rrqof")]
guard = NodePath("../NewGuardBase")
activities = [NodePath("NewGuardGoToActivity0"), NodePath("NewGuardGoToActivity1"), NodePath("NewGuardStandTask"), NodePath("NewGuardGoToActivity2"), NodePath("NewGuardGoToActivity3"), NodePath("NewGuardStandTask2")]
to = Vector2(23, 59)

[node name="NewGuardGoToActivity0" parent="OutsideGuard/BaseNewGuardSchedule" node_paths=PackedStringArray("state_chart") instance=ExtResource("53_4hrnp")]
go_to_position = Vector2(-9319, 339)
state_chart = NodePath("../NewGuardGoToActivity2/StateChart")

[node name="NewGuardGoToActivity1" parent="OutsideGuard/BaseNewGuardSchedule" instance=ExtResource("53_4hrnp")]
go_to_position = Vector2(-11793, 341)

[node name="NewGuardStandTask" parent="OutsideGuard/BaseNewGuardSchedule" instance=ExtResource("54_bbiox")]

[node name="NewGuardGoToActivity2" parent="OutsideGuard/BaseNewGuardSchedule" instance=ExtResource("53_4hrnp")]
go_to_position = Vector2(-9319, 339)

[node name="NewGuardGoToActivity3" parent="OutsideGuard/BaseNewGuardSchedule" instance=ExtResource("53_4hrnp")]
go_to_position = Vector2(-9316, -157)

[node name="NewGuardStandTask2" parent="OutsideGuard/BaseNewGuardSchedule" instance=ExtResource("54_bbiox")]

[node name="NewGuardBase" parent="OutsideGuard" node_paths=PackedStringArray("sprite", "zone_manager", "schedule", "animation_player") instance=ExtResource("51_o7yfc")]
sprite = NodePath("NewGuard1")
zone_manager = NodePath("../../Managers/Zones/ProhibitedZoneManager")
schedule = [NodePath("../BaseNewGuardSchedule")]
insta_end = true
movement_speed = 250
animation_player = NodePath("AnimationPlayer")

[node name="NewGuard1" parent="OutsideGuard/NewGuardBase" instance=ExtResource("51_6vfso")]

[node name="AnimationPlayer" type="AnimationPlayer" parent="OutsideGuard/NewGuardBase"]
root_node = NodePath("../..")
libraries = {
"": SubResource("AnimationLibrary_iuk4d")
}

[node name="StartTimer" type="Timer" parent="."]
wait_time = 0.5
one_shot = true

[node name="SleepActionable" parent="." node_paths=PackedStringArray("player", "sleep_ui", "patient_manager") instance=ExtResource("57_w3yfh")]
position = Vector2(10316, 1558)
player = NodePath("../PlayerCamera")
sleep_ui = NodePath("../Minigames/CanvasLayer/SleepUi")
sleep_global_minute = 0.025
patient_manager = NodePath("../Managers/Patients/PatientManager")

[connection signal="timeout" from="StartTimer" to="." method="_on_start_timer_timeout"]

[editable path="FirstFloor"]
[editable path="GroundFloor"]
[editable path="GroundFloor/DrawObjects/Janitor/Janitor"]
[editable path="GroundFloor/DrawObjects/Janitor/Janitor/VisionCone2D"]
[editable path="Outside"]
[editable path="Endgame"]
[editable path="OutsideGuard/NewGuardBase"]
[editable path="OutsideGuard/NewGuardBase/VisionCone2D"]
[editable path="SleepActionable"]
